 Dungeon Crawl Stone Soup version bcrawl-1.38.2 (webtiles) character file.

Game seed: 13578668723076582009

129046 SneedManIsMyWife the Skirmisher (level 3, 0/24 HPs)
             Began as a Skeleton Martial Artist on Apr 27, 2023.
             Was a Believer of Wu Jian.
             Slain by an iguana (12 damage)
             ... on level 2 of the Dungeon.
             The game lasted 00:01:03 (1014 turns).

SneedManIsMyWife the Skirmisher (SkMA)              Turns: 1014, Time: 00:01:03

Health: 0/24       AC:  5    Str: 19      XL:     3   Next: 33%
Magic:  0/5        EV: 12    Int:  7      God:    Wu Jian [**....]
Gold:   94         SH:  0    Dex: 10 (11) Spells: 4/5 levels left

rFire    . . .     GDR:     22%   - Fists (8.8)
rCold    + . .     SeeInvis .   (no shield)
rNeg     + + +     Gourm    .   f - +0 ring mail
rPois    ∞         Faith    .   (no helmet)
rElec    .         Spirit   +   (no cloak)
rCorr    .         Reflect  .   (no gloves)
MR       .....                  (no boots)
Stlth    +.........             (no amulet)
HPRegen  0.14/turn              (no ring)
MPRegen  0.09/turn              (no ring)

@: no status effects
A: no food or potions, cold resistance 1, deterioration 1, negative energy
resistance 3, torment resistance, unbreathing, magic shield, sturdy frame 1,
spell healing
a: Wall Jump, Serpent's Lash, Renounce Religion


You were on level 2 of the Dungeon.
You worshipped Wu Jian.
Wu Jian was pleased with you.
You were not hungry.

You visited 1 branch of the dungeon, and saw 2 of its levels.

You collected 94 gold pieces.

Inventory:

Armour
 a - a +0 robe
 f - a +0 ring mail (worn)
   (You found it on level 1 of the Dungeon)
Scrolls
 b - a scroll of fog
 c - a scroll of teleportation {unknown}
 d - a scroll of immolation {unknown}
 e - a scroll of blinking {unknown}
 r - a scroll of identify


   Skills:
 + Level 4.3 Fighting
 - Level 3.0 Dodging
 - Level 1.2 Stealth
 + Level 3.7 Unarmed Combat
 - Level 1.5 Spellcasting
 - Level 1.1 Hexes


You had 4 spell levels left.
You knew the following spells:

 Your Spells              Type           Power        Failure   Level  Hunger
a - Confusing Touch       Hex            #.......     34%         1    N/A
Your spell library was empty.

Dungeon Overview and Level Annotations

Branches:
Dungeon (2/12)

Altars:


Innate Abilities, Weirdness & Mutations

You do not eat or drink.
You are immune to poison.
Your flesh is cold resistant. (rC+)
Your body sometimes deteriorates upon taking damage.
You are immune to negative energy. (rN+++)
You are immune to unholy pain and torment.
You can survive without breathing.
When hurt, damage is shared between your health and your magic reserves.
Your movements are slightly less encumbered by armour. (ER -2)
Casting spells heals you.


Message History

The helpless bat fails to defend itself.
You hit the bat.
You kill the bat!
The Council accepts your kill.
Things that are here:
a short sword; a bat corpse No target in view!
No target in view!
A leopard gecko comes into view.
A leopard gecko is nearby!
A leopard gecko is nearby!
You closely miss the leopard gecko. The leopard gecko bites you.
You hit the leopard gecko.
The leopard gecko is almost dead.
The leopard gecko misses you.
You hit the leopard gecko.
You kill the leopard gecko!
The Council accepts your kill.
No target in view!
No target in view!
You now have 78 gold pieces (gained 16).
You now have 94 gold pieces (gained 16).
There is a stone staircase leading down here.
Things that are here:
a +0 club x2
Key pressed, stopping explore.
No target in view!
Things that are here:
a short sword; a bat corpse
Things that are here:
a short sword; a bat corpse
There is a stone staircase leading down here.
You see here 147 arrows.
Partly explored, can't reach some items.
No target in view!
Partly explored, can't reach some items.
No target in view!
Search for what [? for help]? body You see here 147 arrows.
Things that are here:
a short sword; a bat skeleton You see here a +0 short sword.
You see here a ring mail.
f - a ring mail Wear which item? (? for menu, Esc to quit)
You start removing your armour.
You continue taking off your +0 robe. x4
You finish taking off your +0 robe.
You start putting on your armour.
You continue putting on your ring mail. x5
You finish putting on your +0 ring mail.
As you read the scroll of identify, it crumbles to dust.
b - a scroll of fog You see here a +0 short sword.
There is an escape hatch in the floor here.
You slide downwards.
The hatch slams shut behind you.
An adder comes into view.
An adder is nearby!
An adder is nearby!
The adder hisses angrily.
You hit the adder.
The adder is moderately wounded.
The adder bites you.
You hit the adder.
The adder is severely wounded.
The adder closely misses you.
You barely miss the adder.
The adder is severely wounded.
The adder closely misses you.
You closely miss the adder.
The adder is heavily wounded.
The adder bites you.
You closely miss the adder.
The adder is heavily wounded.
The adder misses you.
You closely miss the adder. Your punch misses the adder.
The adder is heavily wounded.
The adder misses you.
You barely miss the adder.
The adder is heavily wounded.
The adder bites you but does no damage.
You hit the adder.
You kill the adder!
The Council accepts your kill.
You feel your intelligence returning.
You see here an adder corpse.
HP restored.
You see here a ring mail.
An iguana and a worm come into view.
The iguana hisses angrily.
There are monsters nearby!
The iguana closely misses you.
You spin and attack the iguana.
You punch the iguana!
The iguana is heavily wounded.
The iguana bites you!
You punch the iguana!
The iguana is almost dead.
The worm bites you!
Your body deteriorates!
You feel clumsy. The iguana bites you!
Ouch! That really hurt!
You die...

.#.###..#####.#
....#.....# # #
#..#...[##.#
#..........#
#.##....#### #
#..........#
...######..##.#
......wl.).##.#
.......@........
...........#....
################


You could see a worm and an iguana.

Vanquished Creatures
  An adder (D:2)
  2 dart slugs (D:1)
  2 leopard geckos (D:1)
  2 giant cockroaches (D:1)
  4 goblins (D:1)
  4 hobgoblins (D:1)
  5 bats (D:1)
  A frilled lizard (D:1)
  2 kobolds (D:1)
  4 rats (D:1)
27 creatures vanquished.

Notes
Turn   | Place    | Note
-------+----------+-------------------------------------------
     0 | D:1      | SneedManIsMyWife the Skeleton Martial Artist began the
                  | quest for the Orb.
     0 | D:1      | Reached XP level 1. HP: 14/14 MP: 3/3
   168 | D:1      | Reached XP level 2. HP: 15/19 MP: 2/4
   442 | D:1      | Reached skill level 4 in Fighting
   462 | D:1      | Reached ** piety under Wu Jian
   488 | D:1      | Reached XP level 3. HP: 24/24 MP: 5/5
  1014 | D:2      | Slain by an iguana

Skill      XL: |  1  2 |
---------------+-------+-----
Fighting       | 4 |  4.3
Dodging        | |  3.0
Stealth        | |  1.2
Unarmed Combat | |  3.7
Spellcasting   | |  1.5
Hexes          | |  1.1

Action                   || total
-------------------------++-------
Melee: Unarmed           ||    81
 Cast: Confusing Touch   ||     1
Invok: Whirlwind         ||     6
       Lunge             ||     6
  Use: Scroll            ||     1
 Stab: Sleeping          ||     3
Armor: Robe              ||    12
       Ring mail         ||     1
Dodge: Dodged            ||    36

Levels and vault maps discovered:
D:1:      dpeg_arrival_signposts, layout_loops_ring, skrybe_limestone_x
D:2:      minmay_razor_zed, layout_basic, nicolae_tso_carved_into_rock,
          chequers_temple_overflow_minitemple

Table legend:
 A = Turns spent in this place as a percentage of turns spent in the entire game.
 B = Non-inter-level travel turns spent in this place as a percentage of non-inter-level travel turns spent in the entire game.
 C = Inter-level travel turns spent in this place as a percentage of turns spent in this place.
 D = Turns resting spent in this place as a percentage of non-inter-level travel turns spent in this place.
 E = Turns spent auto-exploring this place as a percentage of non-inter-level travel turns spent in this place.
 F = Non-inter-level travel turns spent in this place divided by the number of levels of this place that you've seen.
                   A       B       C       D       E      F
               +-------+-------+-------+-------+-------+----------------------
         Total | 100.0 | 100.0 |  14.8 |   0.0 |  77.4 | 432.0
       Dungeon | 100.0 | 100.0 |  14.8 |   0.0 |  77.4 | 432.0
               +-------+-------+-------+-------+-------+----------------------

Table legend:
 A = Kills in this place as a percentage of kills in entire the game.
 B = Kills by you in this place as a percentage of kills by you in the entire game.
 C = Kills by friends in this place as a percentage of kills by friends in the entire game.
 D = Other kills in this place as a percentage of other kills in the entire game.
 E = Experience gained in this place as a percentage of experience gained in the entire game.
 F = Experience gained in this place divided by the number of levels of this place that you have seen.
                   A       B       C       D       E      F
               +-------+-------+-------+-------+-------+----------------------
         Total | 100.0 | 100.0 |   N/A |   N/A | 100.0 |  30.0
       Dungeon | 100.0 | 100.0 |   N/A |   N/A | 100.0 |  30.0
               +-------+-------+-------+-------+-------+----------------------
